 Dungeon Crawl Stone Soup version 0.30.0-5-g1a98f26d00 (webtiles) character file.

Game seed: 3435482273696791581

135 croobank the Firebug (level 4, -2/32 HPs)
             Began as a Demonspawn Fire Elementalist on May 12, 2023.
             Slain by an orc wizard
             ... wielding a +0 long sword
              (9 damage)
             ... on level 3 of the Dungeon.
             The game lasted 00:08:29 (3098 turns).

croobank the Firebug (Demonspawn Fire Elementalist) Turns: 3098, Time: 00:08:30

Health: -2/32      AC:  4    Str:  9    XL:     4   Next: 96%
Magic:  7/7        EV: 12    Int: 18    God:
Gold:   41         SH:  0    Dex: 13    Spells: 3/8 levels left

rFire   + . .        a - +0 dagger (venom)
rCold   + . .        (no shield)
rNeg    . . .        h - +0 robe
rPois   .            e - +0 helmet
rElec   .            k - scarf {rC+ rF+}
rCorr   .            (no gloves)
SInv    .            p - +0 pair of boots
Will    .....        (no amulet)
Stlth   ++           (no ring)
HPRegen 0.25/turn    (no ring)
MPRegen 0.10/turn

%: no passive effects
@: no status effects
A: hooves 1, demonic touch 1
a: no special abilities


You were on level 3 of the Dungeon.
You visited 1 branch of the dungeon, and saw 3 of its levels.

You collected 41 gold pieces.

Inventory:

Hand Weapons
 a - a +0 dagger of venom (weapon)
 b - a +0 sling
Missiles
 r - 2 poisoned darts
Armour
 e - a +0 helmet (worn)
 g - a +0 ring mail
 h - a +0 robe (worn)
 k - a scarf of resistance (worn)
 p - a +0 pair of boots (worn)
 q - a +0 leather armour
Jewellery
 u - a ring of wizardry
Scrolls
 c - 2 scrolls of enchant armour {unknown}
 f - a scroll of noise {unknown}
 m - 2 scrolls of teleportation {unknown}
 s - a scroll of poison {unknown}
 t - a scroll of identify {unknown}
Potions
 d - a potion of brilliance {unknown}
 i - a potion of curing {unknown}
 j - 2 potions of mutation {unknown}
 l - 2 potions of heal wounds {unknown}
 n - a potion of magic
 o - 2 potions of flight {unknown}
 v - 2 potions of attraction {unknown}


   Skills:
 + Level 1.6 Fighting
 + Level 2.5 Dodging
 + Level 2.6 Stealth
 + Level 2.5 Spellcasting
 + Level 1.9 Conjurations
 + Level 3.2 Fire Magic


You had 3 spell levels left.
You knew the following spells:

 Your Spells              Type           Power      Damage    Failure   Level
a - Foxfire               Conj/Fire      44%        2x1d6     6%          1
b - Scorch                Fire           26%        2d6       7%          2
c - Blink                 Tloc           4%         N/A       26%         2

Your spell library contained the following spells:

 Spells                   Type           Power      Damage    Failure   Level
 Inner Flame              Hex/Fire       8%         N/A       26%         3
 Volatile Blastmotes      Fire/Tloc      16%        2d11      26%         3
 Flame Wave               Conj/Fire      11%        2d6       52%         4
 Manifold Assault         Tloc           2%         N/A       86%         4
 Storm Form               Tmut/Air       1%         N/A       100%        7


Dungeon Overview and Level Annotations

Branches:
Dungeon (3/15)

Altars:
Kikubaaqudgha


Innate Abilities, Weirdness & Mutations

You have large cloven feet.
Your touch may inflict minor irresistible damage on your foes.


Message History

You kill the ball python!
You barely miss the jackal.
The jackal is moderately wounded.
The jackal closely misses you.
The jackal bites you but does no damage.
Your magical contamination has completely faded away.
You hit the jackal.
The jackal is poisoned.
The jackal is heavily wounded.
You kill the jackal!
The orc priest looks satisfied for a moment.
You hit the orc but do no damage. The orc closely misses you.
You hit the orc but do no damage. The orc barely misses you.
You hit the orc but do no damage. The orc hits you with a +0 short sword.
You barely miss the orc. You barely miss the orc. Your touch misses the orc.
The orc hits you with a +0 short sword.
You hit the orc but do no damage.
The orc is poisoned.
Your touch misses the orc. You hit the orc but do no damage.
The orc looks even sicker.
The orc is moderately wounded.
The orc barely misses you.
You hit the orc but do no damage. Your touch misses the orc.
The orc is moderately wounded.
The orc hits you with a +0 short sword.
You hit the orc but do no damage.
The orc looks as sick as possible!
The orc is moderately wounded.
You kill the orc!
The orc priest looks braver for a moment.
You closely miss something. Something hits you.
You miss something. Something hits you.
* * * LOW HITPOINT WARNING * * *
Okay, then.
Okay, then.
Casting: Blink (quite dangerous; 26% risk of failure)
Confirm with . or Enter, or press ? or * to list all spells.
Flames lash the orc priest.
The orc priest is moderately wounded.
The orc priest's fire resistance burns away.
Magic courses through your body. Something hits you!
You die...

...##.##.# #.# #.#
#....# #.# #. ......
#.# # #.#.#. #.#
#.#. .# #.# #
#.#.####.######.#
#.#.#.............#
#.#.######.#####..#
#..#@......#
#)######## ###
#..#...
=.S§(#######)†#.#
o.o.o.o......†..####
.....#######.......#
§.< #.8?⌠.8... .
#.........
..⌠._.⌠.##


There were no monsters in sight!

Vanquished Creatures
  Robin (D:2)
  5 adders
  5 orcs
  4 bats
  An endoplasm (D:2)
  2 giant cockroaches
  12 goblins
  5 hobgoblins
  8 jackals (D:3)
  9 kobolds
  3 quokkas
  6 ball pythons
  2 frilled lizards
  4 rats
67 creatures vanquished.

Vanquished Creatures (others)
  85 foxfires
85 creatures vanquished.

Grand Total: 152 creatures vanquished

Notes
Turn   | Place    | Note
-------+----------+-------------------------------------------
     0 | D:1      | croobank the Demonspawn Fire Elementalist began the quest
                  | for the Orb.
     0 | D:1      | Reached XP level 1. HP: 13/13 MP: 3/3
   399 | D:1      | Discovered your monstrous ancestry.
   399 | D:1      | Gained mutation: Your touch may inflict minor irresistible
                  | damage on your foes. [demonic ancestry]
   399 | D:1      | Reached XP level 2. HP: 15/19 MP: 3/5
   510 | D:1      | Learned a level 2 spell: Scorch
  1013 | D:2      | Gained mutation: You have large cloven feet. [demonic
                  | ancestry]
  1013 | D:2      | Reached XP level 3. HP: 25/25 MP: 1/6
  1016 | D:2      | Learned a level 2 spell: Blink
  1148 | D:2      | Reached skill level 3 in Fire Magic
  1468 | D:2      | Noticed Robin
  1910 | D:2      | Killed Robin
  1911 | D:2      | Reached skill level 1 in Fighting
  1911 | D:2      | Reached XP level 4. HP: 32/32 MP: 0/7
  2865 | D:3      | Found an ancient bone altar of Kikubaaqudgha.
  3032 | D:3      | Found a faded altar of an unknown god.
  3098 | D:3      | Slain by an orc wizard

Illustrated notes

Levels and vault maps discovered:
D:1:      minmay_arrival_up_and_down, layout_rooms, serial_forest,
          infiniplex_forest_lined_corner, infiniplex_forest_lined_corner,
          infiniplex_forest_corner_1, infiniplex_forest_clump_tiny,
          infiniplex_forest_clump_medium, infiniplex_forest_straight_3,
          minmay_pentomino_o4
D:2:      layout_basic, chequers_serial_rivers_small_b, wad_orctagon, uniq_robin
D:3:      layout_loops_ring, nicolae_kikubaaqudgha_miasma_corner,
          hellmonk_ecumenical_altar_dog_temple

Skill      XL: |  1  2  3 |
---------------+----------+-----
Stealth        | 2 |  2.6
Dodging        | 2 |  2.5
Fire Magic     | 3 |  3.2
Fighting       | 1 |  1.6
Spellcasting   | |  2.5
Conjurations   | |  1.9

Action                     |  1- 3 |  4- 6 || total
---------------------------+-------+-------++-------
  Melee: Dagger            |    13 |    49 ||    62
         Unarmed           |     1 |       ||     1
         Touch             |     3 |     4 ||     7
   Cast: Foxfire           |    22 |    26 ||    48
         Scorch            |    20 |    11 ||    31
    Use: Potion            |       |     1 ||     1
   Stab: Sleeping          |     1 |     2 ||     3
 Armour: Robe              |     8 |    19 ||    27
  Dodge: Dodged            |    29 |    58 ||    87
